 Dungeon Crawl Stone Soup version 0.31-a0-986-g5e6e4ef867 (webtiles) character file.

Game seed: 18310238708931422555

263 zazu2006 the Shooter (level 6, 0/44 HPs)
             Began as a Gnoll Wanderer on Nov 3, 2023.
             Slain by an orc warrior
             ... wielding a +0 long sword
              (18 damage)
             ... on level 6 of the Dungeon.
             The game lasted 00:06:05 (1640 turns).

zazu2006 the Shooter (Gnoll Wanderer)               Turns: 1640, Time: 00:06:06

Health: 0/44       AC:  4    Str: 11    XL:     6   Next: 19%
Magic:  11/11      EV: 12    Int: 11    God:
Gold:   213        SH:  0    Dex: 20    Spells: 7/11 levels left

rFire   . . .        a - +0 shortbow
rCold   . . .        (shield currently unavailable)
rNeg    . . .        o - +0 troll leather armour
rPois   .            (no helmet)
rElec   .            (no cloak)
rCorr   .            b - +0 pair of gloves
SInv    .            (no boots)
Will    .....        (no amulet)
Stlth   +++          k - +6 ring of dexterity
HPRegen 1.07/turn    (no ring)
MPRegen 0.12/turn

%: no passive effects
@: no status effects
A: fangs 1, strong nose, distributed training
a: no special abilities


You were on level 6 of the Dungeon.
You visited 1 branch of the dungeon, and saw 4 of its levels.

You collected 213 gold pieces.

Inventory:

Hand Weapons
 a - a +0 shortbow (weapon)
 q - a +4 spear of freezing
Armour
 b - a +0 pair of gloves (worn)
 o - a +0 troll leather armour (worn)
Jewellery
 k - a +6 ring of dexterity (left hand)
Potions
 e - a potion of enlightenment
 f - a potion of degeneration {unknown}
 g - a potion of haste {unknown}
 h - 2 potions of mutation {unknown}
 l - 2 potions of curing {unknown}


   Skills:
 + Level 1.9 Fighting
 + Level 1.9 Short Blades
 + Level 1.9 Long Blades
 + Level 1.9 Axes
 + Level 1.9 Maces & Flails
 + Level 1.9 Polearms
 + Level 1.9 Staves
 + Level 6.8 Ranged Weapons
 + Level 1.9 Throwing
 + Level 1.9 Armour
 + Level 1.9 Dodging
 + Level 6.2 Stealth
 + Level 1.9 Shields
 + Level 1.9 Unarmed Combat
 + Level 3.4 Spellcasting
 + Level 4.1 Conjurations
 + Level 1.5 Hexes
 + Level 1.5 Summonings
 + Level 1.5 Necromancy
 + Level 1.5 Translocations
 + Level 1.5 Transmutations
 + Level 1.5 Fire Magic
 + Level 1.5 Ice Magic
 + Level 1.5 Air Magic
 + Level 1.5 Earth Magic
 + Level 1.5 Poison Magic
 + Level 3.3 Invocations
 + Level 1.9 Evocations
 + Level 1.7 Shapeshifting


You had 7 spell levels left.
You knew the following spells:

 Your Spells              Type           Power      Damage    Failure   Level
a - Foxfire               Conj/Fire      32%        2x1d5     11%         1
b - Mephitic Cloud        Conj/Pois/Air  7%         N/A       36%         3

Your spell library contained the following spells:

 Spells                   Type           Power      Damage    Failure   Level


Dungeon Overview and Level Annotations

Branches:
Dungeon (6/15)
 Temple: D:4-7

Altars:
Elyvilon


Innate Abilities, Weirdness & Mutations

You have very sharp teeth.
Your uncanny sense of smell can sniff out nearby items.
Your experience applies equally to all skills.


Message History

Your ufetubus dies!
Your ufetubus dissolves into shadows!
Your orc hits the orc with a +0 hand axe.
Your orc barely misses the orc warrior.
The orc warrior attacks as it pursues you!
The orc warrior hits you with a +0 long sword!
Your orc hits the orc with a +0 hand axe!
The orc dies!
Your orc misses the orc warrior.
Your orc hits the ice beast but does no damage.
Your orc hits the orc with a +0 hand axe.
You see here a +0 mace.
Blink to where?
Press: ? - help, Dir - move target
As you read the scroll labelled OCOQAYXTON, it crumbles to dust.
It was a scroll of blinking.
You aren't carrying any items that you can evoke.
As you read the scroll labelled PONADW NISTRI, it dissolves into smoke.
It was a scroll of fog.
As you read the scroll labelled BUIFAO TOMEDA, it crumbles to dust.
It is a scroll of identify.
e - a potion of enlightenment
As you read the scroll labelled SISIKO CIHI, it crumbles to dust.
Your body is wracked with pain!
The orc warrior convulses!
The ice beast convulses!
The orc convulses!
It was a scroll of torment.
As you read the scroll labelled SUNAYKK RUXAIK, it crumbles to dust.
You hear a loud clanging noise!
It was a scroll of noise.
You hear a shout!
Fire: a) +0 shortbow
Press: ? - help, Q - select action, (/) - cycle Shift-Dir - straight line, f - orc warrior
Aim: an orc warrior, wielding a +0 long sword and wearing a +0 plate armour (black smoke, heavily wounded, 65% to hit)
You shoot an arrow.
The arrow hits the orc warrior but does no damage.
The orc warrior is heavily wounded.
As you read the scroll labelled EPOPNU NASISIO, it crumbles to dust.
It is a scroll of amnesia.
Okay, then.
The orc warrior hits you with a +0 long sword!!
You die...

#.....##.....# #.≈≈≈≈§≈≈≈
#.....##.....# #.≈.......
#.....##.....####.≈.≈≈≈≈≈.
#.....##..........≈.≈...≈.
#.....##.....##...≈.≈._.≈.
#.....'.......#...≈.....≈§
#####[#####§#.#.#.§.≈≈≈≈≈§
#.. ##.§§§§§#.#.#.≈......§
♣.>.♣###§@§§......≈≈≈§≈.≈§
..Y.z.##o#§§.)#...........
♣...§zY#§§......########
.z.z..##o#(###....#
♣.<.♣###†#####.)..########
#.. ##.#Y#...#......).....
# ###..o...........)....##
#....).#.#.#..#.........
##.oo).#.#.#..#.#####.##


You could see an orc warrior, an ice beast, a wight and an orc.

Vanquished Creatures
  2 wights (D:6)
  An orc priest (D:6)
  2 iguanas (D:6)
  An adder (D:2)
  2 worms (D:2)
  2 dart slugs
  5 orcs (D:6)
  2 ball pythons
  6 endoplasms
  4 giant cockroaches
  2 goblins (D:1)
  6 hobgoblins
  3 jackals (D:2)
  3 quokkas
  3 bats (D:2)
  A frilled lizard (D:1)
  2 kobolds
  4 rats
51 creatures vanquished.

Vanquished Creatures (collateral kills)
  An orc (D:6)
1 creature vanquished.

Vanquished Creatures (others)
  3 foxfires (D:1)
3 creatures vanquished.

Grand Total: 55 creatures vanquished

Notes
Turn   | Place    | Note
-------+----------+-------------------------------------------
     0 | D:1      | zazu2006 the Gnoll Wanderer began the quest for the Orb.
     0 | D:1      | zazu2006 set off with the following items: a +0 shortbow, a
                  | +0 pair of gloves, a scroll of summoning, a +0 robe; and
                  | the following spell memorised: Foxfire; and the following
                  | spells available to memorise: Mephitic Cloud.
     0 | D:1      | Reached XP level 1. HP: 13/13 MP: 4/4
   169 | D:1      | Reached XP level 2. HP: 19/19 MP: 5/5
   607 | D:1      | Reached XP level 3. HP: 25/25 MP: 7/7
  1031 | D:2      | Reached skill level 1 in Fighting
  1031 | D:2      | Reached skill level 1 in Short Blades
  1031 | D:2      | Reached skill level 1 in Long Blades
  1031 | D:2      | Reached skill level 1 in Axes
  1031 | D:2      | Reached skill level 1 in Maces & Flails
  1031 | D:2      | Reached skill level 1 in Polearms
  1031 | D:2      | Reached skill level 1 in Staves
  1031 | D:2      | Reached skill level 1 in Throwing
  1031 | D:2      | Reached skill level 1 in Armour
  1031 | D:2      | Reached skill level 1 in Dodging
  1031 | D:2      | Reached skill level 1 in Shields
  1031 | D:2      | Reached skill level 1 in Unarmed Combat
  1031 | D:2      | Reached skill level 1 in Evocations
  1174 | D:2      | Reached skill level 1 in Shapeshifting
  1174 | D:2      | Reached XP level 4. HP: 32/32 MP: 8/8
  1348 | D:1      | Learned a level 3 spell: Mephitic Cloud
  1404 | D:3      | You fall into a shaft and drop 3 floors!
  1438 | D:6      | Found a white marble altar of Elyvilon.
  1487 | D:6      | Reached skill level 1 in Hexes
  1487 | D:6      | Reached skill level 1 in Summonings
  1487 | D:6      | Reached skill level 1 in Necromancy
  1487 | D:6      | Reached skill level 1 in Translocations
  1487 | D:6      | Reached skill level 1 in Transmutations
  1487 | D:6      | Reached skill level 1 in Fire Magic
  1487 | D:6      | Reached skill level 1 in Ice Magic
  1487 | D:6      | Reached skill level 1 in Air Magic
  1487 | D:6      | Reached skill level 1 in Earth Magic
  1487 | D:6      | Reached skill level 1 in Poison Magic
  1492 | D:6      | Noticed an ice beast
  1507 | D:6      | Reached XP level 5. HP: 21/37 MP: 9/9
  1551 | D:6      | Reached XP level 6. HP: 9/44 MP: 9/11
  1616 | D:6      | Noticed an orc warrior
  1620 | D:6      | Noticed an ice beast
  1640 | D:6      | Slain by an orc warrior

Illustrated notes

Levels and vault maps discovered:
D:1:      heliophobic_arrival_dark_side_of_the_moon, layout_basic
D:2:      layout_loops_cross, minmay_pentomino_p4
D:3:      layout_rooms, serial_shops, nicolae_shop_industrial_runoff
D:6:      layout_basic, mainiacjoe_overflow_concentric_impassable,
          minmay_temple_entry_slanted, grunt_ministairs_7,
          chequers_serial_rivers_marsh

Skill      XL: |  1  2  3  4  5 |
---------------+----------------+-----
Stealth        | 6 |  6.2
Fighting       | 1 |  1.9
Short Blades   | 1 |  1.9
Long Blades    | 1 |  1.9
Axes           | 1 |  1.9
Maces & Flails | 1 |  1.9
Polearms       | 1 |  1.9
Staves         | 1 |  1.9
Throwing       | 1 |  1.9
Armour         | 1 |  1.9
Dodging        | 1 |  1.9
Shields        | 1 |  1.9
Unarmed Combat | 1 |  1.9
Evocations     | 1 |  1.9
Shapeshifting  | 1 |  1.7
Spellcasting   | 3 |  3.4
Hexes          | 1 |  1.5
Summonings     | 1 |  1.5
Necromancy     | 1 |  1.5
Translocations | 1 |  1.5
Transmutations | 1 |  1.5
Fire Magic     | 1 |  1.5
Ice Magic      | 1 |  1.5
Air Magic      | 1 |  1.5
Earth Magic    | 1 |  1.5
Poison Magic   | 1 |  1.5
Invocations    | 3 |  3.3
Conjurations   | 4 |  4.1
Ranged Weapons | |  6.8

Action                     |  1- 3 |  4- 6 || total
---------------------------+-------+-------++-------
   Fire: Shortbow          |    79 |    57 ||   136
   Cast: Foxfire           |     3 |       ||     3
    Use: Scroll            |       |     7 ||     7
 Armour: Robe              |     8 |       ||     8
         Troll leather arm |     1 |    15 ||    16
  Dodge: Dodged            |     6 |    14 ||    20

Table legend: (Time is in decaauts)
 A = Elapsed time spent in this place.
 B = Non-inter-level travel time spent in this place.
 C = Inter-level travel time spent in this place.
 D = Time resting spent in this place.
 E = Time spent auto-exploring this place.
 F = Levels seen in this place.
 G = Mean time per level.
                   A        B        C        D        E       F      G
               +--------+--------+--------+--------+--------+-----+--------+
         Total |   1650 |   1577 |     73 |     41 |   1212 |   4 |  412.5 |
       Dungeon |   1650 |   1577 |     73 |     41 |   1212 |   4 |  412.5 |
               +--------+--------+--------+--------+--------+-----+--------+

Top non-repeatable levels by time:
     D:1: 740 daAuts
     D:2: 653 daAuts
     D:6: 240 daAuts
     D:3: 16 daAuts
